 Dungeon Crawl Stone Soup version 0.29-a0-275-g389c0b56f3 (webtiles) character file.

Game seed: 13695413846528732637

7 spaghetti the Vexing (level 1, -1/15 HPs)
             Began as a Demonspawn Arcane Marksman on Mar 10, 2022.
             Slain by a giant cockroach (2 damage)
             ... on level 1 of the Dungeon.
             The game lasted 00:00:27 (121 turns).

spaghetti the Vexing (Demonspawn Arcane Marksman)    Turns: 121, Time: 00:00:28

Health: -1/15      AC:  2    Str: 10    XL:     1   Next: 91%
Magic:  1/2        EV: 12    Int: 14    God:
Gold:   0          SH:  0    Dex: 13    Spells: 1/2 levels left

rFire   . . .      SeeInvis .   a - +0 shortbow {bow}
rCold   . . .      Faith    .   (shield currently unavailable)
rNeg    . . .      Spirit   .   b - +0 robe
rPois   .          Reflect  .   (no helmet)
rElec   .          Harm     .   (no cloak)
rCorr   .          Rampage  .   (no gloves)
Will    .....                   (no boots)
Stlth   +.........              (no amulet)
HPRegen 0.05/turn               (no ring)
MPRegen 0.08/turn               (no ring)

@: about to teleport
A: no striking features
a: no special abilities


You were on level 1 of the Dungeon.
You visited 1 branch of the dungeon, and saw 1 of its levels.


   Skills:
 - Level 1.0 Fighting
 + Level 2.4 Bows
 - Level 1.7 Dodging
 - Level 1.0 Spellcasting
 - Level 3.0 Hexes


You had one spell level left.
You knew the following spells:

 Your Spells              Type           Power      Damage    Failure   Level
a - Slow                  Hex            36%        N/A       8%          1

Your spell library contained the following spells:

 Spells                   Type           Power      Damage    Failure   Level
 Inner Flame              Hex/Fire       4%         N/A       38%         3
 Portal Projectile        Hex/Tloc       8%         N/A       38%         3
 Cause Fear               Hex            4%         N/A       58%         4

Inventory:

Hand Weapons
 a - a +0 shortbow (weapon) {bow}
Missiles
 g - 4 javelins {throwing}
Armour
 b - a +0 robe (worn)
Scrolls
 c - a scroll of vulnerability {!r!r}
 e - a scroll of blinking {unknown}
 f - a scroll of identify {unknown}

Dungeon Overview and Level Annotations

Branches:
Dungeon (1/15)

Altars:

##..#......# #...#..##.##
##.#...## ..# ...#..## #.#
.###...## #.###### #
.##..#..###[##...# ##.####
.#..###..##.##.######.......
...## ##.##.#..##.hh.†......
.#..####........@B####......
.#...............h..........
.#........#..#.#######......
.#..#####.#....# ... ....#
###...#..# ..
..#####....##..# .
..##....#.###..#
.#...####...#..# ...###
###.# #


You could see 3 jackals and a giant cockroach.


Message History

You are too injured to fight recklessly! 😮 HP[-5]
You take 5 damage, and now have 10/15 hp.
MASSIVE DAMAGE!! (PAUSE)
The jackal barely misses you.
You are too injured to fight recklessly!
Aiming: Slow (safe; 8% risk of failure)
Press: ? - help, Q - select action, (/) - cycle Shift-Dir - straight line, f/p - jackal
Aim: a jackal (chance to affect: 64%)
The jackal seems to slow down.
The jackal bites you. 😮 HP[-1] MP[-1]
You take 1 damage, and now have 9/15 hp.
You lost 1 mp, and now have 1/2 mp.
Aiming: Slow (safe; 8% risk of failure)
Press: ? - help, Q - select action, (/) - cycle Shift-Dir - straight line, f/p - jackal
Aim: a jackal (chance to affect: 64%)
The jackal seems to slow down.
The jackal bites you but does no damage. 😮 MP[-1]
You lost 1 mp, and now have 0/2 mp.
You don't have enough magic to cast this spell.
Unknown command.
Shoot: a) +0 shortbow {bow}
Press: ? - help, Q - select action, (/) - cycle Shift-Dir - straight line, f/p - jackal
Aim: a jackal (50% to hit)
You shoot an arrow. The arrow closely misses the jackal. x2
The arrow barely misses the bat.
The jackal closely misses you. The giant cockroach bites you. 😮 HP[-1]
You take 1 damage, and now have 8/15 hp.
Shoot: a) +0 shortbow {bow}
Press: ? - help, Q - select action, (/) - cycle Shift-Dir - straight line, f/p - jackal
Aim: a jackal (50% to hit)
You shoot an arrow. The arrow misses the jackal.
The arrow closely misses the jackal.
The arrow closely misses the bat.
The jackal closely misses you. The giant cockroach bites you.
The jackal misses you.
Shoot: a) +0 shortbow {bow}
Press: ? - help, Q - select action, (/) - cycle Shift-Dir - straight line, f/p - jackal
Aim: a jackal (50% to hit)
You shoot an arrow. The arrow completely misses the jackal.
The arrow barely misses the jackal.
The arrow hits the bat.
You kill the bat!
The giant cockroach bites you.
* * * LOW HITPOINT WARNING * * *
The jackal bites you.
* * * LOW HITPOINT WARNING * * *
The giant cockroach misses you. 😨 HP[-3]
You take 3 damage, and now have 5/15 hp.
Shoot: a) +0 shortbow {bow}
Press: ? - help, Q - select action, (/) - cycle Shift-Dir - straight line, f/p - jackal
Aim: a jackal (50% to hit)
You shoot an arrow. The arrow hits the jackal.
The jackal pauses to sniff the ground.
The giant cockroach bites you.
* * * LOW HITPOINT WARNING * * *
The jackal closely misses you. The giant cockroach barely misses you.
The jackal closely misses you. 😨 HP[-1]
You take 1 damage, and now have 4/15 hp.
Shoot: a) +0 shortbow {bow}
Press: ? - help, Q - select action, (/) - cycle Shift-Dir - straight line, f/p - jackal
Aim: a jackal (50% to hit)
You shoot an arrow.
The arrow hits the jackal but does no damage.
The giant cockroach bites you but does no damage.
The jackal barely misses you.
Shoot: a) +0 shortbow {bow}
Press: ? - help, Q - select action, (/) - cycle Shift-Dir - straight line, f/p - jackal
Aim: a jackal (50% to hit)
You shoot an arrow. The arrow hits the jackal.
The giant cockroach misses you. The jackal closely misses you.
The giant cockroach closely misses you.
Shoot: a) +0 shortbow {bow}
Press: ? - help, Q - select action, (/) - cycle Shift-Dir - straight line, f/p - jackal
Aim: a jackal (50% to hit)
You shoot an arrow. The arrow barely misses the jackal.
The arrow hits the jackal but does no damage.
The jackal bites you.
* * * LOW HITPOINT WARNING * * *
The giant cockroach bites you but does no damage.
The jackal closely misses you. The giant cockroach bites you.
* * * LOW HITPOINT WARNING * * *
😱 HP[-3]
You take 3 damage, and now have 1/15 hp.
You aren't carrying any potions.
As you read the scroll labelled NEIGRI BOUM, it crumbles to dust.
You feel strangely unstable.
It was a scroll of teleportation.
The giant cockroach completely misses you.
The jackal completely misses you.
The jackal pauses to sniff the ground. 😱 MP[+1]
The giant cockroach barely misses you. The giant cockroach bites you.
You die...

Skill      XL: |  1 |
---------------+----+-----
Bows           | 2 |  2.4
Fighting       | |  1.0
Dodging        | |  1.7
Spellcasting   | |  1.0
Hexes          | |  3.0

Action                   || total
-------------------------++-------
 Fire: Shortbow          ||    22
 Cast: Slow              ||     2
  Use: Scroll            ||     1
Armor: Robe              ||     5
Dodge: Dodged            ||    24

Levels and vault maps discovered:
D:1:      minmay_arrival_up_and_down, layout_rooms, serial_curves,
          eino_curves_02, eino_curves_04

Notes
Turn   | Place    | Note
-------+----------+-------------------------------------------
     0 | D:1      | spaghetti the Demonspawn Arcane Marksman began the quest
                  | for the Orb.
     0 | D:1      | Reached XP level 1. HP: 15/15 MP: 2/2
     0 | D:1      | magus.rc [v1.9.6]
    59 | D:1      | Reached skill level 2 in Bows
   118 | D:1      | HP: 2/15 [jackal (2)]
   121 | D:1      | Slain by a giant cockroach

Vanquished Creatures
  A bat (D:1)
  An endoplasm (D:1)
  A jackal (D:1)
  A quokka (D:1)
  3 frilled lizards (D:1)
7 creatures vanquished.

Table legend:
 A = Non-vault XP
 B = Vault XP
 C = Vault XP percentage of total XP
 D = Non-vault monster count
 E = Vault monster count
 F = Vault count percentage of total count
                 A         B        C        D         E       F
            +---------+---------+-------+---------+---------+-------
      Total |      11 |       0 |   0.0 |       7 |       0 |   0.0
            +---------+---------+-------+---------+---------+-------
        D:1 |      11 |       0 |   0.0 |       7 |       0 |   0.0
            +---------+---------+-------+---------+---------+-------

Illustrated notes

Table legend:
 A = Kills in this place as a percentage of kills in entire the game.
 B = Kills by you in this place as a percentage of kills by you in the entire game.
 C = Kills by friends in this place as a percentage of kills by friends in the entire game.
 D = Other kills in this place as a percentage of other kills in the entire game.
 E = Experience gained in this place as a percentage of experience gained in the entire game.
 F = Experience gained in this place divided by the number of levels of this place that you have seen.
                   A       B       C       D       E      F
               +-------+-------+-------+-------+-------+----------------------
         Total | 100.0 | 100.0 |   N/A |   N/A | 100.0 |  11.0
       Dungeon | 100.0 | 100.0 |   N/A |   N/A | 100.0 |  11.0
               +-------+-------+-------+-------+-------+----------------------

Table legend: (Time is in decaauts)
 A = Elapsed time spent in this place.
 B = Non-inter-level travel time spent in this place.
 C = Inter-level travel time spent in this place.
 D = Time resting spent in this place.
 E = Time spent auto-exploring this place.
 F = Levels seen in this place.
 G = Mean time per level.
                   A        B        C        D        E       F      G
               +--------+--------+--------+--------+--------+-----+--------+
         Total |    129 |    129 |      0 |      0 |     84 |   1 |  129.0 |
       Dungeon |    129 |    129 |      0 |      0 |     84 |   1 |  129.0 |
               +--------+--------+--------+--------+--------+-----+--------+

Top non-repeatable levels by time:
     D:1: 129 daAuts
